Map: Efflorescence LE

Players

OpuS

  • Race: Protoss Protoss
  • League: Platinum
  • Spawn Location: 12:00

Sketchaphone

  • Race: Zerg Zerg
  • League: Platinum
  • Spawn Location: 3:00

XDeathMatchX - Winner!

  • Race: Zerg Zerg
  • League: Gold
  • Spawn Location: 9:00

Zapins - Winner!

  • Race: Zerg Zerg
  • Spawn Location: 6:00

VOD

Have the link to the VOD?

Description

Time

  • Played on: Feb. 17, 2019, 8:14 p.m.
  • Length: 11:48
Show
View Real Time Build Order
Export as new Build Order

OpuS Protoss 

Build Orders: Zealot Archon, Dark Templar Rush 

Get SALT Encoding   

  12  0:01  Probe  
  13  0:13  Probe  
  14  0:21  Pylon  
  14  0:25  Probe  
  15  0:39  Probe  
  16  0:44  Gateway  
  16  0:51  Probe  
  17  1:00  Probe  
  17  1:01  Assimilator  
  17  1:02  Assimilator  
  18  1:08  Probe  
  18  1:18  Probe, Gateway  
  20  1:30  Probe  
  21  1:33  Cybernetics Core  
  21  1:40  Pylon, Zealot  
  23  1:58  Probe  
  23  2:09  Twilight Council  
  23  2:11  Adept  
  23  2:12  Warp Gate  
  25  2:19  Pylon, Zealot  
  25  2:22  Probe  
  28  2:39  Charge  
  28  2:41  Probe  
  29  2:48  Gateway  
  29  3:02  Adept x2  
  33  3:17  Gateway  
  33  3:20  Pylon  
  33  3:27  Probe  
  34  3:34  Dark Shrine  
  34  3:39  Probe  
  33  4:11  Zealot  
  33  4:12  Zealot x2  
  33  4:14  Zealot  
  41  4:30  Probe  
  41  4:39  Probe  
  41  4:45  Zealot x2  
  46  4:53  Pylon  
  46  5:02  Pylon  
  46  5:13  Templar Archives  
  46  5:14  Nexus  
  36  5:36  Dark Templar x2  
  36  5:38  Dark Templar  
  42  5:44  Dark Templar  
  40  5:58  Pylon  
  34  6:10  High Templar x2  
  38  6:16  Archon  
  38  6:17  Zealot x2  
  42  6:22  Probe  
  43  6:26  Shield Battery  
  41  6:34  Probe  
  41  6:38  Zealot x2  
  40  6:41  Probe  
  40  6:46  Probe  
  42  6:50  Pylon  
  42  6:52  High Templar x2  
  46  6:56  Archon  
  46  6:58  Probe  
  46  6:59  Probe  
  48  7:05  Zealot  
  48  7:06  Zealot  
  52  7:11  Probe x2  
  54  7:23  Probe x2  
  56  7:30  Zealot x2  
  56  7:31  Zealot x2  
  64  7:42  Gateway  
  58  7:45  Probe x2, Gateway  
  58  7:56  High Templar x2  
  61  7:59  Zealot x2  
  61  8:00  Archon  
  61  8:04  Probe  
  61  8:05  Probe  
  67  8:17  Probe x2  
  69  8:20  Gateway  
  69  8:24  Gateway  
  69  8:28  High Templar x2  
  69  8:32  Archon  
  73  8:36  Zealot  
  73  8:37  Zealot  
  77  8:42  Probe x2  
  79  8:48  Pylon  
  79  8:54  Probe  
  80  9:03  Stargate  
  80  9:04  Probe  
  80  9:06  Probe  
  82  9:17  Probe  
  72  9:29  Zealot  
  72  9:30  Zealot x6  
  72  9:31  Zealot  
  70  9:38  Void Ray  
  66  9:40  Shield Battery  
  66  9:42  Shield Battery  
  66  9:51  Assimilator  
  70  9:54  Assimilator  
  70  10:00  High Templar x2  
  70  10:02  Zealot  
  70  10:04  Archon  
  76  10:15  Probe x2  
  78  10:24  Void Ray  
  78  10:25  Zealot x3  
  88  10:38  Stalker x2  
  88  10:39  Stalker  
  94  10:47  Pylon  
  94  10:49  Pylon  
  94  10:50  Pylon  
  94  11:06  Stalker  
  94  11:07  Stalker x2  
  94  11:10  High Templar x2  
  104  11:14  Archon  
  104  11:30  Nexus  
  104  11:32  Pylon  
Show
View Real Time Build Order
Export as new Build Order

Sketchaphone Zerg 

Build Orders: Hatch First 

Get SALT Encoding   

  12  0:01  Drone  
  13  0:14  Overlord  
  13  0:19  Drone  
  14  0:22  Extractor  
  14  0:24  Drone  
  14  0:35  Drone  
  15  0:38  Drone  
  16  0:51  Drone  
  17  1:08  Hatchery  
  16  1:28  Spawning Pool  
  16  1:31  Drone  
  16  1:53  Drone x2  
  16  1:54  Overlord  
  18  2:16  Spine Crawler  
  18  2:18  Spine Crawler  
  18  2:20  Spine Crawler, Zergling x4  
  18  2:29  Zergling x4  
  16  2:56  Spine Crawler  
  15  3:05  Baneling Nest  
  14  3:08  Drone x2  
  16  3:19  Drone x2  
  18  3:33  Zergling x4  
  1  4:11  Drone x2  
  2  4:38  Drone  
  3  4:59  Drone  
  4  5:23  Drone  
  5  5:40  Drone  
  6  6:08  Drone x3  
  9  6:22  Drone  
  10  6:44  Spine Crawler  
  9  6:56  Drone  
  9  6:58  Drone  
  11  7:11  Drone  
Show
View Real Time Build Order
Export as new Build Order

XDeathMatchX Zerg - Winner!

Build Orders: Pool First 

Get SALT Encoding   

  12  0:01  Drone  
  13  0:09  Drone  
  14  0:18  Overlord  
  14  0:35  Spawning Pool  
  13  0:38  Drone  
  13  0:41  Extractor  
  13  0:44  Drone  
  14  0:50  Drone  
  14  0:52  Drone  
  16  1:04  Drone  
  17  1:19  Drone  
  17  1:21  Queen  
  17  1:23  Zergling x2  
  21  1:35  Zergling x2  
  22  1:42  Metabolic Boost  
  22  1:45  Overlord  
  22  2:04  Zergling x2  
  22  2:05  Zergling x2  
  24  2:21  Zergling x2  
  24  2:22  Hatchery  
  24  2:31  Baneling Nest  
  24  2:34  Drone x2  
  24  2:35  Drone  
  24  2:36  Zergling x2  
  27  2:47  Zergling x2  
  28  3:16  Baneling x3  
  28  3:17  Baneling x3  
  28  3:20  Zergling x2  
  28  3:21  Zergling x2  
  28  3:24  Overlord x3  
  25  4:01  Zergling x2  
  25  4:02  Zergling x8  
  26  4:12  Zergling x2  
  26  4:17  Queen  
  27  4:19  Drone x2  
  27  4:20  Drone x2  
  33  4:30  Lair  
  33  4:34  Spore Crawler  
  33  4:36  Spore Crawler  
  31  4:39  Drone  
  29  4:58  Drone x2  
  29  4:59  Drone x5  
  36  5:01  Spore Crawler  
  36  5:05  Baneling x5  
  36  5:06  Baneling  
  35  5:19  Spine Crawler  
  34  5:28  Zergling x8  
  32  5:29  Zergling x4  
  37  5:40  Zergling x10  
  42  5:48  Overseer x3  
  40  6:06  Zergling x10  
  45  6:11  Pneumatized Carapace  
  45  6:13  Zergling x8  
  41  6:40  Zergling x2  
  41  6:41  Zergling x14  
  48  7:18  Baneling x3  
  48  7:19  Baneling x4  
  31  8:02  Zergling x28  
  31  8:03  Zergling x8  
  49  8:09  Extractor  
  48  8:15  Hydralisk Den  
  48  8:16  Drone  
  48  8:17  Drone  
  48  8:18  Extractor  
  48  8:20  Extractor  
  47  8:52  Hydralisk x3  
  47  8:54  Zergling x2  
  54  8:56  Overlord x4  
  54  9:05  Spine Crawler  
  53  9:10  Baneling x2  
  53  9:11  Baneling  
  34  9:32  Hydralisk  
  34  9:33  Hydralisk  
  34  9:34  Zergling x12  
  34  9:35  Zergling x2  
  45  9:49  Drone  
  45  9:50  Drone x4  
  50  10:00  Evolution Chamber  
  50  10:01  Evolution Chamber  
  50  10:05  Hydralisk  
  50  10:06  Hydralisk x2  
  54  10:44  Hydralisk x5  
  64  10:54  Drone x4  
  64  10:55  Drone x5  
  73  11:18  Hydralisk  
  73  11:22  Overlord x2  
Show
View Real Time Build Order
Export as new Build Order

Zapins Zerg - Winner!

Build Orders: Pool First 

Get SALT Encoding   

  12  0:04  Drone  
  13  0:24  Extractor  
  12  0:30  Drone  
  12  0:31  Spawning Pool  
  12  0:38  Overlord  
  12  0:50  Drone x2  
  14  1:02  Drone  
  15  1:18  Queen  
  15  1:20  Zergling x4  
  15  1:24  Zergling x2  
  20  1:33  Metabolic Boost  
  20  1:39  Zergling x2  
  21  1:46  Zergling x2  
  22  1:58  Overlord  
  22  2:23  Zergling x4  
  23  2:41  Zergling x6  
  26  2:45  Zergling x2  
  27  3:00  Zergling x2  
  28  3:11  Zergling x2  
  29  3:23  Overlord  
  29  3:24  Overlord  
  29  3:25  Hatchery  
  28  3:30  Hatchery  
  28  3:33  Zergling x4  
  29  3:45  Drone  
  29  3:52  Spore Crawler  
  26  3:59  Drone x3  
  23  4:12  Zergling x2  
  20  4:41  Lair  
  20  4:44  Drone x3  
  23  4:45  Spore Crawler  
  23  4:47  Drone x3  
  23  4:48  Queen  
  27  4:53  Drone  
  27  4:54  Drone  
  27  4:57  Zergling x2  
  29  5:02  Zergling x2  
  30  5:07  Zergling x2  
  30  5:13  Spore Crawler  
  30  5:14  Zergling x2  
  30  5:18  Zergling x2  
  32  5:23  Zergling x2  
  32  5:24  Zergling x2  
  32  5:27  Zergling x2  
  27  5:59  Drone x9  
  36  6:13  Zergling x2  
  36  6:14  Zergling x4  
  39  6:31  Overlord x3, Zergling x2  
  40  6:43  Zergling x8  
  40  6:44  Zergling x4  
  46  6:48  Zergling x2  
  47  6:55  Roach Warren  
  46  7:02  Zergling x2  
  46  7:03  Zergling x2, Drone x2  
  46  7:05  Queen  
  52  7:19  Zergling x2  
  52  7:20  Zergling x6, Drone  
  57  7:38  Drone x8  
  57  7:39  Drone  
  57  7:43  Hatchery  
  50  8:14  Roach x3  
  50  8:15  Roach  
  50  8:16  Roach x5  
  68  8:24  Overseer x2  
  68  8:35  Extractor  
  68  8:37  Drone x4, Extractor  
  70  8:43  Extractor  
  69  8:49  Roach x3, Hydralisk Den  
  74  9:11  Roach x3  
  74  9:12  Overlord x6  
  74  9:13  Overlord x3  
  75  9:25  Roach x3  
  75  9:29  Roach x3  
  75  9:30  Roach  
  81  9:35  Drone x2  
  81  9:36  Drone x3  
  86  9:45  Roach x3  
  92  9:58  Drone x5  
  97  10:01  Extractor  
  97  10:02  Extractor  
  95  10:15  Infestation Pit  
  95  10:16  Hatchery  
  95  10:18  Evolution Chamber  
  92  10:21  Evolution Chamber, Muscular Augments  
  92  10:25  Glial Reconstitution  
  91  10:30  Zergling x2, Drone  
  91  10:31  Drone x6  
  91  10:32  Zergling x4, Drone x4  
  105  10:37  Spore Crawler  
  105  10:39  Drone  
  105  10:55  Roach  
  105  10:56  Roach x5  
  117  10:57  Overseer  
Tags
 
Add a new tag
Caveats
  • Supply blocks, unpowered buildings, or Contaminate may cause inaccurate times.
  • Supply counts are checked every 10 seconds.